[Event "December 5 Early 2023"]
[Site "https://www.chess.com"]
[Date "2023.12.05"]
[Round "3"]
[White "Azar, Sebastien"]
[Black "Olenik Campa, Rudi"]
[Result "0-1"]
[Board "134"]
[TimeControl "180+1"]
[WhiteFideId "2640198"]
[BlackFideId "14633264"]
[WhiteElo "2426"]
[BlackElo "2603"]
[WhiteTeam "CAN"]
[BlackTeam "SLO"]
[WhiteClock "0:00:00"]
[BlackClock "0:00:56"]

1. e4 e6 2. d4 d5 3. e5 Ne7 4. Nf3 c5 5. c3 Nf5 6. Be2 Nc6 7. O-O Qb6 8. dxc5 Bxc5 9. b4 Be7 10. Re1 O-O 11. a4 Rd8 12. b5 Na5 13. Nd4 Bc5 14. Bg5 Rf8 15. Ra2 Nxd4 16. cxd4 Bxd4 17. Bd3 Nc4 18. Qh5 g6 19. Qh6 Nxe5 20. Be2 f6 21. Bh4 Bd7 22. Nd2 Rac8 23. Nb3 Bc3 24. Rf1 d4 25. Nc1 Nf7 26. Qf4 g5 27. Qg3 Kh8 28. Bd3 e5 29. Ne2 Rce8 30. Qf3 Nd6 31. Bg3 e4 32. Qh5 exd3 33. Nxc3 dxc3 34. h4 c2 35. hxg5 Bf5 36. gxf6 d2 37. f7 Re1 38. Qg5 Rxf1+ 39. Kh2 Nxf7 40. Be5+ Nxe5 41. Qf4 d1=Q 0-1

[Event "December 5 Early 2023"]
[Site "https://www.chess.com"]
[Date "2023.12.05"]
[Round "3"]
[White "Stepanencu, Nicodim-Cosmin"]
[Black "Goldin, Roman"]
[Result "0-1"]
[Board "135"]
[TimeControl "180+1"]
[WhiteFideId "1256220"]
[BlackFideId "2803860"]
[WhiteElo "2600"]
[BlackElo "2417"]
[WhiteTeam "ROU"]
[BlackTeam "ISR"]
[WhiteClock "0:00:09"]
[BlackClock "0:00:02"]

1. e4 Nc6 2. d4 e5 3. dxe5 Nxe5 4. Nf3 Qf6 5. Be2 Bc5 6. Nc3 Ne7 7. O-O c6 8. Kh1 Nxf3 9. Bxf3 O-O 10. Qe2 Ng6 11. g3 Re8 12. Bg2 d5 13. f4 dxe4 14. Nxe4 Qe7 15. f5 Ne5 16. f6 Qf8 17. fxg7 Kxg7 18. Qh5 Re6 19. Ng5 Rh6 20. Qxh6+ Kxh6 21. Ne6+ Kg6 22. Nxf8+ Bxf8 23. Bf4 Bg7 24. Rad1 Be6 25. b3 Re8 26. Rfe1 Ng4 27. Re2 h5 28. h3 Nh6 29. Kh2 Nf5 30. Be4 Kf6 31. Rf1 Bd5 32. Bg5+ Kxg5 33. Rxf5+ Kh6 34. Bd3 Be6 35. Rxh5+ Kxh5 36. Rf2 Kh6 37. g4 Be5+ 38. Kg2 Bd5+ 39. Kf1 Kg7 40. c4 Be6 41. Re2 Bd4 42. Re4 Bc5 43. Rf4 Rd8 44. Be2 Rd4 45. Rf3 Rd2 46. a3 Ra2 47. b4 Bd4 48. Rd3 Be5 49. Re3 Ra1+ 50. Kg2 Bd4 51. Re4 Bc3 52. c5 Rxa3 53. Kf2 Bd5 54. Re7 Bxb4 55. Rxb7 Bxc5+ 56. Ke1 Ra2 57. h4 a5 58. g5 a4 59. h5 a3 60. Bd3 Ra1+ 61. Ke2 Ra2+ 62. Ke1 Rb2 63. h6+ Kh8 64. Rc7 Rb8 65. g6 fxg6 66. Bxg6 a2 67. Rh7+ Kg8 68. Rg7+ Kf8 69. Ra7 Bxa7 70. h7 Kg7 71. Bb1 a1=Q 72. h8=Q+ Kxh8 73. Kd2 Rb5 74. Bd3 Rb2+ 75. Kc3 Qa3# 0-1

[Event "December 5 Early 2023"]
[Site "https://www.chess.com"]
[Date "2023.12.05"]
[Round "3"]
[White "Matthes, Aaron"]
[Black "Goldin, Alexander"]
[Result "0-1"]
[Board "136"]
[TimeControl "180+1"]
[WhiteFideId "16227310"]
[BlackFideId "2019540"]
[WhiteElo "2414"]
[BlackElo "2600"]
[WhiteTeam "GER"]
[BlackTeam "USA"]
[WhiteClock "0:00:58"]
[BlackClock "0:00:49"]

1. Nf3 Nf6 2. g3 e6 3. Bg2 d5 4. O-O Be7 5. d4 O-O 6. b3 b6 7. Bb2 Bb7 8. Nbd2 Nbd7 9. c4 c5 10. e3 Rc8 11. Qe2 Ne4 12. Nxe4 dxe4 13. Nd2 f5 14. Rfd1 Bf6 15. f3 exf3 16. Nxf3 Qe7 17. Ne5 Bxg2 18. Qxg2 Nxe5 19. dxe5 Bg5 20. Qf3 Rfd8 21. Kg2 Rc7 22. Rxd8+ Qxd8 23. Rd1 Rd7 24. Rxd7 Qxd7 25. Kh3 g6 26. Qe2 h5 27. e4 f4 28. gxf4 Bxf4 29. Qf3 Qd2 30. Bc3 Qxh2# 0-1

[Event "December 5 Early 2023"]
[Site "https://www.chess.com"]
[Date "2023.12.05"]
[Round "3"]
[White "Roebers, Eline"]
[Black "Sahil, Tickoo"]
[Result "0-1"]
[Board "137"]
[TimeControl "180+1"]
[WhiteFideId "1058401"]
[BlackFideId "5019710"]
[WhiteElo "2599"]
[BlackElo "2416"]
[WhiteTeam "NED"]
[BlackTeam "IND"]
[WhiteClock "0:00:04"]
[BlackClock "0:00:09"]

1. e4 c6 2. Nf3 d5 3. Nc3 d4 4. Ne2 c5 5. c3 dxc3 6. bxc3 Nc6 7. d4 cxd4 8. cxd4 e6 9. g3 Bb4+ 10. Bd2 Qa5 11. Bg2 Bxd2+ 12. Qxd2 Qxd2+ 13. Nxd2 Nf6 14. f4 O-O 15. h3 Rd8 16. Nb3 a5 17. O-O-O a4 18. Na1 Bd7 19. Nc2 Na5 20. Nc3 Nc4 21. Rd3 Bc6 22. Rhd1 a3 23. Re1 Nb2 24. Rde3 Nc4 25. R3e2 Ba4 26. d5 exd5 27. e5 Bxc2 28. Kxc2 Ne4 29. Bxe4 dxe4 30. Rxe4 Rac8 31. R1e2 b5 32. e6 fxe6 33. Rxe6 b4 34. Ne4 Nd2+ 35. Kd1 Nxe4+ 36. Ke1 Rc1# 0-1

[Event "December 5 Early 2023"]
[Site "https://www.chess.com"]
[Date "2023.12.05"]
[Round "3"]
[White "Federzoni, Enzo"]
[Black "Guliev, Logman"]
[Result "0-1"]
[Board "138"]
[TimeControl "180+1"]
[WhiteFideId "2173301"]
[BlackFideId "13400061"]
[WhiteElo "2412"]
[BlackElo "2598"]
[WhiteTeam "BRA"]
[BlackTeam "AZE"]
[WhiteClock "0:00:03"]
[BlackClock "0:00:08"]

1. e4 c5 2. Nf3 e6 3. d4 cxd4 4. Nxd4 Nf6 5. Nc3 d6 6. g4 Be7 7. g5 Nfd7 8. h4 Nc6 9. Be3 a6 10. Qe2 Qc7 11. O-O-O b5 12. a3 Bb7 13. f4 Nb6 14. Qf2 Nc4 15. Rh3 Nxe3 16. Qxe3 Nxd4 17. Qxd4 e5 18. Qe3 exf4 19. Qxf4 O-O 20. Nd5 Bxd5 21. exd5 f5 22. Rc3 Qd7 23. Re1 Rac8 24. Rxc8 Rxc8 25. Bd3 g6 26. h5 Bf8 27. hxg6 hxg6 28. Re6 Qh7 29. Kb1 Qh1+ 30. Qc1 Qxc1+ 31. Kxc1 Kf7 32. b3 Be7 33. Kd1 Bxg5 34. Rxd6 Ra8 35. c4 bxc4 36. bxc4 Be7 37. Rb6 Bxa3 38. d6 Rd8 39. Rxa6 Bxd6 40. Ke2 Bc5 41. Rc6 Re8+ 42. Kf1 Re5 43. Kg2 g5 44. Rc7+ Kg6 45. Rc8 g4 46. Rc7 Kf6 47. Rc8 Kg5 48. Rg8+ Kf4 49. Rc8 Ke3 50. Bf1 f4 51. Rd8 f3+ 52. Kg3 Bd4 53. Rd5 Re4 54. c5 Be5+ 55. Kh4 g3+ 56. Kh3 Kf2 57. Bd3 g2 58. Bxe4 g1=Q 59. Rd2+ Ke3 60. Rh2 0-1

[Event "December 5 Early 2023"]
[Site "https://www.chess.com"]
[Date "2023.12.05"]
[Round "3"]
[White "Bochnicka, Vladimir"]
[Black "Jaiveer Mahendru"]
[Result "0-1"]
[Board "139"]
[TimeControl "180+1"]
[WhiteFideId "14943450"]
[BlackFideId "25611151"]
[WhiteElo "2409"]
[BlackElo "2598"]
[WhiteTeam "SVK"]
[BlackTeam "IND"]
[WhiteClock "0:00:05"]
[BlackClock "0:00:05"]

1. e4 e6 2. d4 d5 3. e5 c5 4. c3 Nc6 5. Nf3 Qb6 6. Bd3 Bd7 7. O-O Nge7 8. h4 h6 9. h5 cxd4 10. Re1 O-O-O 11. b4 dxc3 12. b5 Nd4 13. Nxd4 Qxd4 14. Be3 Qb4 15. Bxa7 Bxb5 16. Nxc3 Bxd3 17. Qxd3 Nc6 18. Nb5 Qa5 19. Rec1 Kd7 20. Be3 Nxe5 21. Qb3 Nc4 22. Rxc4 dxc4 23. Qxc4 Bd6 24. Rd1 Ke7 25. Nxd6 Rxd6 26. Bc5 Rd8 27. Bb4 Qa6 28. Qc7+ Rd7 29. Bxd6+ Ke8 30. Qc8+ Rd8 31. Qc5 Qa4 32. Re1 Qc6 33. Bf8 Qxc5 34. Bxc5 Rd2 35. a3 Rc2 36. Bb4 Kd7 37. f3 Kc6 38. Kh2 Kd5 39. Rd1+ Ke5 40. Kg3 Kf6 41. Rd7 b5 42. Rb7 Kg5 43. Rxb5+ f5 44. a4 Kxh5 45. a5 g5 46. a6 f4+ 47. Kh3 Kg6 48. a7 Rc8 49. Rb8 Rc1 50. a8=Q Rh1+ 51. Kg4 h5# 0-1

[Event "December 5 Early 2023"]
[Site "https://www.chess.com"]
[Date "2023.12.05"]
[Round "3"]
[White "Herman, Daniel"]
[Black "Kim, Sergey"]
[Result "0-1"]
[Board "140"]
[TimeControl "180+1"]
[WhiteFideId "30935008"]
[BlackFideId "13700570"]
[WhiteElo "2408"]
[BlackElo "2598"]
[WhiteTeam "USA"]
[BlackTeam "KAZ"]
[WhiteClock "0:00:07"]
[BlackClock "0:01:42"]

1. d4 Nf6 2. c4 g6 3. Nc3 Bg7 4. e4 d6 5. Nf3 O-O 6. h3 e5 7. d5 a5 8. Be3 Na6 9. g4 Nc5 10. Nd2 Bd7 11. Qf3 a4 12. O-O-O c6 13. Kb1 cxd5 14. cxd5 Qa5 15. Nc4 Qc7 16. Na3 h5 17. g5 Nfxe4 18. Nxe4 Nxe4 19. Rc1 Qa5 20. Nc4 Qb4 21. a3 Qb3 22. Qxe4 Bf5 23. Qxf5 gxf5 24. Nxd6 e4 25. Nc4 b5 0-1

[Event "December 5 Early 2023"]
[Site "https://www.chess.com"]
[Date "2023.12.05"]
[Round "3"]
[White "Yezhel, Valiantsin"]
[Black "Sai Han Thiha"]
[Result "0-1"]
[Board "141"]
[TimeControl "180+1"]
[WhiteFideId "13504983"]
[BlackFideId "13012290"]
[WhiteElo "2597"]
[BlackElo "2406"]
[WhiteTeam "FID"]
[BlackTeam "MYA"]
[WhiteClock "0:00:05"]
[BlackClock "0:00:09"]

1. g3 d5 2. Bg2 c6 3. Nf3 Bf5 4. d4 e6 5. O-O Nf6 6. c4 Nbd7 7. Nc3 h6 8. Nd2 Be7 9. e4 dxe4 10. Ndxe4 Nxe4 11. Nxe4 Nf6 12. Nc3 O-O 13. h3 Qb6 14. Na4 Qa6 15. Qb3 Rad8 16. Be3 Be4 17. f3 Bg6 18. Rfd1 Nd7 19. g4 Nb6 20. Nc5 Qxc4 21. Nxb7 Rb8 22. Na5 Qxb3 23. axb3 Nd5 24. Bf2 Rb6 25. Rdc1 Rc8 26. Bf1 Bg5 27. Rc5 Ne3 28. Rxg5 Nxf1 29. Rc5 Nd2 30. Rc3 Rb5 31. Be3 Nxf3+ 32. Kg2 Ng5 33. Bxg5 hxg5 34. Kf2 Be4 35. Ke3 Bd5 36. Ra3 f6 37. Nc4 Rc7 38. Ra6 Kf8 39. Na3 Rb6 40. Rxb6 axb6 41. Nc4 Ke7 42. Nxb6 Kd6 43. Na4 Rb7 44. Nc5 Rb8 45. b4 Ra8 46. Ra3 Rb8 47. Ra4 e5 48. dxe5+ fxe5 49. Nd3 Rf8 50. Ra7 Rf3+ 51. Kd2 Rxh3 52. Nc5 e4 53. Rxg7 Ke5 54. Rxg5+ Kd4 55. Rg7 Rh2+ 56. Ke1 e3 57. g5 Bf3 58. Rd7+ Kc4 59. Kf1 Rh1# 0-1

[Event "December 5 Early 2023"]
[Site "https://www.chess.com"]
[Date "2023.12.05"]
[Round "3"]
[White "Maltsevskaya, Aleksandra"]
[Black "Ovezdurdyyeva, Jemal"]
[Result "1-0"]
[Board "142"]
[TimeControl "180+1"]
[WhiteFideId "24174041"]
[BlackFideId "14001888"]
[WhiteElo "2596"]
[BlackElo "2382"]
[WhiteTeam "POL"]
[BlackTeam "TKM"]
[WhiteClock "0:02:18"]
[BlackClock "0:01:15"]

1. Nf3 Nf6 2. g3 b6 3. Bg2 Bb7 4. O-O g6 5. d3 Bg7 6. Nbd2 O-O 7. e4 c5 8. a4 d5 9. exd5 Nxd5 10. Nc4 Nc6 11. a5 Nxa5 12. Nxa5 bxa5 13. Nd2 Qd7 14. Nb3 Rac8 15. Nxa5 Ba8 16. Re1 Nb6 17. Bxa8 Rxa8 18. Qe2 e6 19. c3 Rfd8 20. Bg5 Re8 21. h4 h6 22. Be3 Qb5 23. Nb7 Bf8 24. Ra5 Qc6 25. Nxc5 Nd5 26. Ne4 Nxe3 27. Qxe3 Rab8 28. Nf6+ Kg7 29. Nxe8+ Qxe8 30. b4 Qc6 31. Qe5+ 1-0

[Event "December 5 Early 2023"]
[Site "https://www.chess.com"]
[Date "2023.12.05"]
[Round "3"]
[White "Skatchkov, Valery"]
[Black "Manon-og, Ramon Jr."]
[Result "1-0"]
[Board "143"]
[TimeControl "180+1"]
[WhiteFideId "24195812"]
[BlackFideId "5200776"]
[WhiteElo "2594"]
[BlackElo "2379"]
[WhiteTeam "RUS"]
[BlackTeam "PHI"]
[WhiteClock "0:02:25"]
[BlackClock "0:01:51"]

1. d4 Nf6 2. c4 g6 3. Nc3 d5 4. Nf3 Bg7 5. Bg5 Ne4 6. Bf4 Nxc3 7. bxc3 O-O 8. e3 c5 9. cxd5 cxd4 10. cxd4 Qxd5 11. Be2 Nc6 12. O-O b6 13. Qa4 Bb7 14. Rfc1 e5 15. Bc4 Qe4 16. dxe5 Nxe5 17. Bxe5 Bxe5 18. Bxf7+ Kh8 19. Qxe4 Bxe4 20. Nxe5 1-0

[Event "December 5 Early 2023"]
[Site "https://www.chess.com"]
[Date "2023.12.05"]
[Round "3"]
[White "Garrido, Denis"]
[Black "Stoleriu, George"]
[Result "0-1"]
[Board "144"]
[TimeControl "180+1"]
[WhiteFideId "601217"]
[BlackFideId "1227505"]
[WhiteElo "2378"]
[BlackElo "2593"]
[WhiteTeam "FRA"]
[BlackTeam "ROU"]
[WhiteClock "0:01:59"]
[BlackClock "0:02:39"]

1. d4 e6 2. e4 d5 3. exd5 exd5 4. Nf3 Bg4 5. h3 Bh5 6. Qe2+ Be7 7. Qb5+ c6 8. Qxb7 Bxf3 9. Qxa8 Be4 10. Nc3 Bxc2 11. Be2 Nf6 12. Bf4 Bd6 13. Bxd6 Qxd6 14. Qxa7 O-O 15. O-O Nbd7 16. Rac1 Bg6 17. Rfe1 h5 18. Qa3 Qf4 19. Nd1 Qxc1 0-1

[Event "December 5 Early 2023"]
[Site "https://www.chess.com"]
[Date "2023.12.05"]
[Round "3"]
[White "Buchenau, Frank"]
[Black "Bodnaruk, Anastasia"]
[Result "1-0"]
[Board "145"]
[TimeControl "180+1"]
[WhiteFideId "4604350"]
[BlackFideId "4181751"]
[WhiteElo "2368"]
[BlackElo "2589"]
[WhiteTeam "GER"]
[BlackTeam "RUS"]
[WhiteClock "0:00:01"]
[BlackClock "0:00:00"]

1. e4 c5 2. Nf3 d6 3. Bb5+ Nd7 4. O-O a6 5. Bd3 Ngf6 6. c3 e6 7. Bc2 b5 8. d4 Bb7 9. Re1 Be7 10. Nbd2 Qc7 11. Nf1 O-O 12. Ng3 Rac8 13. Bd3 Rfe8 14. Bf4 e5 15. Bg5 g6 16. a4 b4 17. dxc5 dxc5 18. Nd2 Rcd8 19. a5 bxc3 20. bxc3 c4 21. Bxc4 Nc5 22. Qf3 Kg7 23. Bxf6+ Bxf6 24. Bd5 Ne6 25. Reb1 Ng5 26. Qe3 Bxd5 27. exd5 Rxd5 28. Rb6 Ne6 29. Nde4 Be7 30. Rxa6 Red8 31. Ra7 Rd1+ 32. Rxd1 Rxd1+ 33. Nf1 Qc4 34. Nd2 Qb5 35. c4 Qb4 36. Qxe5+ Bf6 37. Qxe6 Qxd2 38. Rxf7+ Kh6 39. Qe3+ Qxe3 40. fxe3 Bc3 41. a6 Ra1 42. a7 Bb4 43. Kf2 Bc5 44. Ke2 Bxa7 45. Ng3 Bc5 46. Ne4 Ra2+ 47. Kf3 1-0

[Event "December 5 Early 2023"]
[Site "https://www.chess.com"]
[Date "2023.12.05"]
[Round "3"]
[White "Aaditya Dhingra"]
[Black "Sari, Yasin"]
[Result "0-1"]
[Board "146"]
[TimeControl "180+1"]
[WhiteFideId "25678191"]
[BlackFideId "6320902"]
[WhiteElo "2589"]
[BlackElo "2354"]
[WhiteTeam "IND"]
[BlackTeam "TUR"]
[WhiteClock "0:00:16"]
[BlackClock "0:00:06"]

1. c4 c6 2. Nf3 d5 3. e3 Nf6 4. Nc3 Bf5 5. b3 Nbd7 6. Bb2 e5 7. Be2 a6 8. O-O e4 9. Nd4 Bg6 10. cxd5 cxd5 11. d3 exd3 12. Bxd3 Bd6 13. Nf5 Bxf5 14. Bxf5 Nb6 15. a4 O-O 16. a5 Nc8 17. Na4 Qe7 18. Qd4 Re8 19. Rac1 Qf8 20. Bxc8 Raxc8 21. Nb6 Be5 22. Qxe5 Rxc1 23. Rxc1 Rxe5 24. Bxe5 Ne8 25. Rc8 f6 26. Bd4 Qb4 27. g3 Kf7 28. Nxd5 Qxb3 29. Nb6 Qb1+ 30. Kg2 Qe4+ 31. f3 Qf5 32. Rc5 Qe6 33. Nc4 Kg6 34. h4 h5 35. e4 Nd6 36. Nb6 Nxe4 37. Rc2 Nd6 38. Bf2 Nb5 39. Nc4 Qf5 40. Rd2 Nc3 41. Rd7 Qxd7 0-1

[Event "December 5 Early 2023"]
[Site "https://www.chess.com"]
[Date "2023.12.05"]
[Round "3"]
[White "Seder, Mohammed"]
[Black "Morgunov, Marc"]
[Result "1-0"]
[Board "147"]
[TimeControl "180+1"]
[WhiteFideId "11505567"]
[BlackFideId "1640305"]
[WhiteElo "2348"]
[BlackElo "2588"]
[WhiteTeam "PLE"]
[BlackTeam "AUT"]
[WhiteClock "0:00:02"]
[BlackClock "0:00:00"]

1. e4 c5 2. Nf3 d6 3. Bb5+ Nd7 4. O-O a6 5. Bxd7+ Bxd7 6. Re1 Nf6 7. c3 Bc6 8. d4 Bxe4 9. Bg5 Bxf3 10. Qxf3 cxd4 11. cxd4 Qb6 12. Bxf6 gxf6 13. Qxf6 Rg8 14. Nc3 O-O-O 15. Qxf7 Rg6 16. Nd5 Qxd4 17. Nxe7+ Bxe7 18. Rxe7 Qxb2 19. Qf5+ Kb8 20. Rb1 Qd4 21. Rbxb7+ Ka8 22. Qf3 d5 23. h3 Rc8 24. Ra7+ Qxa7 25. Qxd5+ Rgc6 26. Rxa7+ Kxa7 27. f4 R8c7 28. f5 Rc2 29. g4 Re2 30. Qd4+ Kb8 31. Qh8+ Kb7 32. Kf1 1-0

[Event "December 5 Early 2023"]
[Site "https://www.chess.com"]
[Date "2023.12.05"]
[Round "3"]
[White "Lazarne Vajda, Szidonia"]
[Black "Avramidou, Anastasia"]
[Result "1-0"]
[Board "148"]
[TimeControl "180+1"]
[WhiteFideId "723894"]
[BlackFideId "4239873"]
[WhiteElo "2333"]
[BlackElo "2588"]
[WhiteTeam "HUN"]
[BlackTeam "GRE"]
[WhiteClock "0:00:29"]
[BlackClock "0:00:14"]

1. e4 g6 2. d4 Bg7 3. Nc3 c5 4. d5 d6 5. f4 Nf6 6. Bb5+ Nfd7 7. a4 O-O 8. Nf3 a6 9. Be2 Nf6 10. O-O Bg4 11. h3 Bxf3 12. Bxf3 Nbd7 13. Kh2 Ne8 14. f5 Nc7 15. Bg5 h6 16. Bh4 g5 17. Bf2 b5 18. Qd2 Ne5 19. Be2 e6 20. Be3 b4 21. Nd1 exd5 22. exd5 Re8 23. Bg1 Qb8 24. f6 Bf8 25. Ne3 Qb7 26. b3 Ng6 27. Bc4 Re4 28. Nf5 Nxd5 29. Bxd5 Qc7 30. Bxe4 d5+ 31. Kh1 dxe4 32. Ne7+ Nxe7 33. fxe7 Qxe7 34. Qd5 Rd8 35. Qf5 e3 36. Bxe3 Bg7 37. Bxc5 Qb7 38. Rad1 Rc8 39. Bd4 Rc6 40. Bxg7 Kxg7 41. Rd7 1-0

[Event "December 5 Early 2023"]
[Site "https://www.chess.com"]
[Date "2023.12.05"]
[Round "3"]
[White "Navarrete Mendez, Gonzalo Alberto"]
[Black "Gutkin, Ilya"]
[Result "1-0"]
[Board "149"]
[TimeControl "180+1"]
[WhiteFideId "5106850"]
[BlackFideId "16203470"]
[WhiteElo "2585"]
[BlackElo "2325"]
[WhiteTeam "MEX"]
[BlackTeam "GER"]
[WhiteClock "0:01:13"]
[BlackClock "0:00:01"]

1. e4 e5 2. Nf3 Nc6 3. Nc3 Nf6 4. Bb5 d6 5. d4 exd4 6. Nxd4 Bd7 7. Bxc6 bxc6 8. Qf3 Be7 9. e5 dxe5 10. Nxc6 Bxc6 11. Qxc6+ Kf8 12. Be3 Qe8 13. Qxc7 Rc8 14. Qxe5 Ng4 15. Qg3 Nxe3 16. Qxe3 Bb4 17. O-O-O Qxe3+ 18. fxe3 Bxc3 19. bxc3 Ke7 20. Rd3 Rc7 21. Kd2 Rb8 22. Ra1 Rb5 23. a4 Rg5 24. g3 Rh5 25. h4 Re5 26. Rb1 Re6 27. Rb4 h5 28. Rdd4 Rg6 29. g4 hxg4 30. Rxg4 Rxg4 31. Rxg4 g6 32. Rg5 Rc4 33. Ra5 Rxh4 34. Rxa7+ Ke6 35. a5 Ra4 36. Kd3 g5 37. Ra8 g4 38. a6 Kf6 39. a7 Kg7 40. Ke2 Ra2 41. Kf1 Kf6 42. c4 Ke7 43. c5 Kd7 44. Rf8 Kc6 45. a8=Q+ 1-0

[Event "December 5 Early 2023"]
[Site "https://www.chess.com"]
[Date "2023.12.05"]
[Round "3"]
[White "Kononenko, Dmitry"]
[Black "Khuslen, Erdenebayar"]
[Result "1-0"]
[Board "150"]
[TimeControl "180+1"]
[WhiteFideId "14113538"]
[BlackFideId "4910532"]
[WhiteElo "2582"]
[BlackElo "2320"]
[WhiteTeam "UKR"]
[BlackTeam "MGL"]
[WhiteClock "0:01:26"]
[BlackClock "0:00:03"]

1. e4 c5 2. Nf3 e6 3. d4 cxd4 4. Nxd4 Nc6 5. Nc3 Qc7 6. Bc4 a6 7. Bb3 Nf6 8. O-O Be7 9. Kh1 O-O 10. f4 d6 11. f5 e5 12. Nde2 h6 13. Ng3 Nd4 14. Be3 Nxb3 15. axb3 b5 16. Nxb5 Qd7 17. Nc3 Bb7 18. Nh5 Rac8 19. Nxf6+ Bxf6 20. Qg4 Kh8 21. Rf3 d5 22. Rh3 Kh7 23. Rd1 d4 24. Qh5 Rh8 25. Bxh6 Kg8 26. Rg3 Kf8 27. Rxg7 Bxg7 28. Bxg7+ Kxg7 29. f6+ Kxf6 30. Rf1+ Ke6 31. Qg5 Kd6 32. Rf6+ Kc7 33. Qxe5+ Kd8 34. Rd6 dxc3 35. Qxh8+ Kc7 36. Rxd7+ Kxd7 37. Qd4+ Ke7 38. bxc3 Rd8 39. Qc5+ Kf6 40. Qf5+ Kg7 41. Qg5+ 1-0

[Event "December 5 Early 2023"]
[Site "https://www.chess.com"]
[Date "2023.12.05"]
[Round "3"]
[White "Vakhidov, Shahzod"]
[Black "Tharushi, T H D Niklesha"]
[Result "1-0"]
[Board "151"]
[TimeControl "180+1"]
[WhiteFideId "14205270"]
[BlackFideId "9918264"]
[WhiteElo "2580"]
[BlackElo "2315"]
[WhiteTeam "UZB"]
[BlackTeam "SRI"]
[WhiteClock "0:00:32"]
[BlackClock "0:00:08"]

1. d4 Nf6 2. Nf3 e6 3. g3 b5 4. Bg2 Bb7 5. O-O c5 6. Bg5 cxd4 7. Nxd4 Bxg2 8. Kxg2 Qb6 9. Bxf6 gxf6 10. c3 Nc6 11. a4 b4 12. Nxc6 Qxc6+ 13. f3 a5 14. Nd2 d5 15. Rc1 Qb6 16. c4 Rd8 17. cxd5 Rxd5 18. Qc2 Bc5 19. Ne4 Be7 20. Rfd1 O-O 21. Rxd5 exd5 22. Nf2 Re8 23. Qc6 Qxc6 24. Rxc6 Bd8 25. Kf1 Re6 26. Rc8 Rd6 27. Nd3 Kf8 28. Ke1 Ke7 29. Kd2 Kd7 30. Ra8 Rc6 31. Nf4 b3 32. Nd3 Rc2+ 33. Kd1 Bb6 34. Rb8 Kc7 35. Rf8 Bd4 36. Rxf7+ Kb6 37. Rd7 Kc6 38. Rd8 Kc7 39. Rxd5 Bxb2 40. Rb5 Bd4 41. Rxb3 Rc6 42. Kd2 Bg1 43. h3 Bh2 44. g4 Bd6 45. Rb5 Ra6 46. e4 h6 47. f4 Kd7 48. Ke3 Ke6 49. Kd4 Bc7 50. Nc5+ 1-0

[Event "December 5 Early 2023"]
[Site "https://www.chess.com"]
[Date "2023.12.05"]
[Round "3"]
[White "Skibbe, Willi"]
[Black "Chor, Kevin"]
[Result "0-1"]
[Board "152"]
[TimeControl "180+1"]
[WhiteFideId "4682190"]
[BlackFideId "2090740"]
[WhiteElo "2316"]
[BlackElo "2578"]
[WhiteTeam "GER"]
[BlackTeam "USA"]
[WhiteClock "0:00:00"]
[BlackClock "0:00:18"]

1. e4 c5 2. c3 g6 3. d4 cxd4 4. cxd4 d5 5. e5 Bg7 6. Nc3 Nc6 7. Nf3 Bg4 8. Be3 Nh6 9. Qb3 O-O 10. Qxd5 Nf5 11. Bc4 Bxf3 12. gxf3 Nfxd4 13. Bxd4 Nxd4 14. O-O-O Nc6 15. e6 f5 16. Qb5 Nd4 17. Qxb7 Qa5 18. Qxe7 Rac8 19. Qd7 Rxc4 20. e7 Ne2+ 21. Kd2 Nxc3 22. exf8=Q+ Kxf8 0-1

[Event "December 5 Early 2023"]
[Site "https://www.chess.com"]
[Date "2023.12.05"]
[Round "3"]
[White "Vivaan Vishal Shah"]
[Black "Mejia, Cherry Ann"]
[Result "1-0"]
[Board "153"]
[TimeControl "180+1"]
[WhiteFideId "25184237"]
[BlackFideId "5206880"]
[WhiteElo "2575"]
[BlackElo "2308"]
[WhiteTeam "IND"]
[BlackTeam "PHI"]
[WhiteClock "0:00:41"]
[BlackClock "0:00:00"]

1. d4 d5 2. g3 b5 3. e4 dxe4 4. Bg2 Nf6 5. Nc3 Bb7 6. Nxb5 a6 7. Nc3 e6 8. Bg5 Bb4 9. Ne2 Nbd7 10. O-O Qc8 11. a3 Bd6 12. Re1 O-O 13. Bf4 Bxf4 14. Nxf4 c5 15. Nxe4 Nxe4 16. Bxe4 Bxe4 17. Rxe4 Nf6 18. Re5 cxd4 19. Qxd4 Qxc2 20. Rg5 Kh8 21. Rxg7 Kxg7 22. Nh5+ Kg6 23. Qxf6+ Kxh5 24. h3 Rg8 25. Re1 Rxg3+ 26. fxg3 Qc5+ 27. Kg2 Qc6+ 28. Kf1 Qc4+ 29. Re2 Qc1+ 30. Kg2 Qc6+ 31. Kh2 1-0

[Event "December 5 Early 2023"]
[Site "https://www.chess.com"]
[Date "2023.12.05"]
[Round "3"]
[White "yaguigor"]
[Black "Hjartarson, Johann"]
[Result "0-1"]
[Board "154"]
[TimeControl "180+1"]
[BlackFideId "2300044"]
[WhiteElo "2305"]
[BlackElo "2569"]
[BlackTeam "ISL"]
[WhiteClock "0:00:00"]
[BlackClock "0:00:09"]

1. e4 g6 2. d4 Bg7 3. Nc3 d6 4. Be3 a6 5. Qd2 b5 6. h4 Nf6 7. f3 h6 8. a4 b4 9. Nd1 a5 10. c3 bxc3 11. bxc3 c6 12. Nb2 Qc7 13. Bd3 Nbd7 14. Ne2 c5 15. Nc4 Ba6 16. Na3 Bxd3 17. Qxd3 h5 18. Nb5 Qc8 19. O-O O-O 20. Nf4 Qa6 21. Nh3 Rac8 22. Qd2 Nb6 23. Qe2 cxd4 24. cxd4 Rc4 25. Na3 d5 26. Nxc4 Nxc4 27. e5 Nd7 28. Rfb1 Qc6 29. Nf4 e6 30. Nd3 Rc8 31. Bf2 Bf8 32. Be1 Ndb6 33. Nb2 Nxb2 34. Qxb2 Nxa4 35. Qb5 Nc3 36. Qxc6 Rxc6 37. Bxc3 Rxc3 38. Rxa5 Rd3 39. Ra8 Kg7 40. Ra7 Rxd4 41. Rbb7 Rf4 42. Kf1 Rf5 43. Rd7 Bc5 44. Rab7 Bd4 45. Ke2 Bxe5 46. Re7 Kg8 47. Re8+ Kg7 48. Rxe6 Bf6 49. g4 hxg4 50. fxg4 Rf4 51. g5 Bd4 52. Rd6 Bf2 0-1

[Event "December 5 Early 2023"]
[Site "https://www.chess.com"]
[Date "2023.12.05"]
[Round "3"]
[White "Narva, Mai"]
[Black "Gruzman, Ilya"]
[Result "0-1"]
[Board "155"]
[TimeControl "180+1"]
[WhiteFideId "4500512"]
[BlackFideId "2812703"]
[WhiteElo "2568"]
[BlackElo "2307"]
[WhiteTeam "EST"]
[BlackTeam "ISR"]
[WhiteClock "0:00:03"]
[BlackClock "0:00:28"]

1. e4 c5 2. Nf3 e6 3. d4 cxd4 4. Nxd4 Nf6 5. Nc3 Nc6 6. Ndb5 Bb4 7. a3 Bxc3+ 8. Nxc3 d5 9. exd5 exd5 10. Bd3 O-O 11. O-O d4 12. Ne2 Bg4 13. h3 Bh5 14. f4 Bxe2 15. Qxe2 Re8 16. Qf3 Qd7 17. Bd2 Re7 18. b4 Rae8 19. b5 Nd8 20. a4 Nd5 21. f5 Kh8 22. a5 f6 23. Ra4 Ne3 24. Rf2 Nf7 25. Qf4 Ng5 26. Rxd4 Qc8 27. Re2 Nxg2 28. Qg4 Rxe2 29. Bxe2 Ne3 30. Bxe3 Rxe3 31. Kf2 Re7 32. h4 Nf7 33. Qg3 h6 34. Qd3 Ne5 35. Qe4 Nc6 36. Qd5 Nxd4 37. Qxd4 Qxf5+ 38. Bf3 Qxc2+ 39. Kg3 Qg6+ 40. Kf2 Re8 41. h5 Qc2+ 42. Kg3 Qc7+ 43. Kf2 Qe5 44. Qxa7 Qxb5 45. Qxb7 Qxa5 46. Qf7 Qd2+ 47. Kg3 Qd6+ 48. Kf2 Qe6 49. Qg6 Qe3+ 50. Kg2 Qg5+ 51. Qxg5 hxg5 52. Kg3 Kh7 53. Kg4 Kh6 54. Bd5 Re5 55. Bf7 f5+ 0-1

[Event "December 5 Early 2023"]
[Site "https://www.chess.com"]
[Date "2023.12.05"]
[Round "3"]
[White "Glidzhain, Gor"]
[Black "Antonio, Jorge Carlos"]
[Result "1-0"]
[Board "156"]
[TimeControl "180+1"]
[WhiteFideId "24109932"]
[BlackFideId "113190"]
[WhiteElo "2567"]
[BlackElo "2302"]
[WhiteTeam "RUS"]
[BlackTeam "ARG"]
[WhiteClock "0:00:18"]
[BlackClock "0:01:03"]

1. e4 c5 2. d4 cxd4 3. c3 d5 4. exd5 Qxd5 5. cxd4 Nc6 6. Be3 Nf6 7. Nc3 Qa5 8. d5 Ne5 9. Bd4 Ng6 10. Bxf6 exf6 11. Bb5+ Bd7 12. Bxd7+ Kxd7 13. Ne2 Bd6 14. O-O Rhe8 15. Rb1 Ke7 16. b4 Qd8 17. Ne4 Kf8 18. Nc5 b6 19. Nb7 Qd7 20. Nxd6 Qxd6 21. Nc3 Rac8 22. Nb5 Qd7 23. Qa4 Qxd5 24. Rbd1 Qg5 25. Nd6 Nh4 26. g3 b5 27. Qxa7 Re7 28. Nxc8 Rxa7 29. Rd8# 1-0